 Dungeon Crawl Stone Soup version 0.31-a0-145-g046c7d2549 (webtiles) character file.

Game seed: 11473477155267439921

10 ragingrage the Scratcher (level 2, -1/14 HPs)
             Began as a Felid Fighter on June 6, 2023.
             Slain by a kobold
             ... wielding a +0 short sword
              (5 damage)
             ... on level 1 of the Dungeon.
             The game lasted 00:00:26 (251 turns).

ragingrage the Scratcher (Felid Fighter)             Turns: 251, Time: 00:00:26

Health: -1/14      AC:  1    Str: 12    XL:     2   Next: 10%
Magic:  3/3        EV: 18    Int:  9    God:
Gold:   14         SH:  0    Dex: 15    Spells: 1/1 levels left
                                        Lives:  0   Deaths: 0

rFire   . .          .
                       - Unarmed
rCold   . . .        (shield unavailable)
rNeg    . . .        (body armour unavailable)
rPois   .            (helmet unavailable)
rElec   .            (cloak unavailable)
rCorr   .            (gloves unavailable)
SInv    +            (boots unavailable)
Will    .....        (no amulet)
Stlth   ++           (no ring)
HPRegen 0.22/turn    (no ring)
MPRegen 0.08/turn

%: no passive effects
@: quick
A: very small, claws 1, fangs 3, see invisible, speed 1, shaggy fur 1, stealthy
paws, no weapons or thrown items, no armour, multi-lived
a: no special abilities


You were on level 1 of the Dungeon.
You visited 1 branch of the dungeon, and saw 1 of its levels.

You collected 14 gold pieces.

Inventory:

Potions
 a - a potion of might


   Skills:
 - Level 3.0 Fighting
 - Level 4.0 Dodging
 + Level 1.8 Stealth
 + Level 4.2 Unarmed Combat


You had one spell level left.
You didn't know any spells.
Your spell library was empty.

Dungeon Overview and Level Annotations

Branches:
Dungeon (1/15)

Altars:

Shops:
D:1 (


Innate Abilities, Weirdness & Mutations

You have sharp claws.
You have razor-sharp teeth.
You have supernaturally acute eyesight. (SInv)
You cover ground quickly. (Speed+)
You are covered in fur. (AC +1)
Your paws help you pounce on unaware monsters.
You are incapable of wielding weapons or throwing items.
You cannot wear armour.
You gain extra lives every three experience levels.


Message History

A kobold and a rat come into view.
The kobold shouts!
What are your orders? t - Meow!
Orders for allies: a - Attack new target. r - Retreat! s - Stop attacking. g - Guard the area. f - Follow me.
Anything else - Cancel.
You meow for attention!
You hear an angry hiss.
The kobold throws a stone.
The stone hits you.
The kobold throws a stone.
The stone hits you but does no damage.
A rat comes into view.
You claw the rat!
You kill the rat!
The ball python barely misses you. The ball python misses you.
The ball python completely misses you. The ball python closely misses you.
You barely miss the ball python. The ball python closely misses you.
The ball python barely misses you.
You scratch the ball python.
You kill the ball python!
The rat bites you.
You closely miss the kobold. The rat bites you. The kobold misses you.
You scratch the kobold. The rat bites you. The kobold misses you.
You are too injured to fight recklessly!
You are too injured to fight recklessly!
You are too injured to fight recklessly!
You are too injured to fight recklessly!
You are too injured to fight recklessly!
You are too injured to fight recklessly!
You are too injured to fight recklessly!
You are too injured to fight recklessly!
You are too injured to fight recklessly!
You miss the kobold. The rat bites you but does no damage.
The kobold hits you with a +0 short sword.
You barely miss the kobold. Your bite misses the kobold.
The rat closely misses you.
The kobold hits you with a +0 short sword.
* * * LOW HITPOINT WARNING * * *
The kobold hits you with a +0 short sword.
You die...

###.###..........#
#..#'#. #.#
#..........#
##.⌠...⌠ #.#
#######..###
#...g... #.# ##..#
#.###... #.# #.∩#
#........# #.#
##.## ###.[......#
#.# #..#
...#........# #.#
##.#
....#.........
#@#.....#.K.g.....
#rK....|#.........
##......########.?
......# ......#
......# .......
###.... ....


You could see a kobold and a rat.

Vanquished Creatures
  An endoplasm (D:1)
  A hobgoblin (D:1)
  2 quokkas (D:1)
  A ball python (D:1)
  3 goblins (D:1)
  A rat (D:1)
9 creatures vanquished.

Notes
Turn   | Place    | Note
-------+----------+-------------------------------------------
     0 | D:1      | ragingrage the Felid Fighter began the quest for the Orb.
     0 | D:1      | Reached XP level 1. HP: 10/10 MP: 2/2
    74 | D:1      | Reached skill level 1 in Stealth
   205 | D:1      | Found Domene's Antique Weapon Shop.
   212 | D:1      | Reached XP level 2. HP: 11/14 MP: 3/3
   251 | D:1      | Slain by a kobold

Illustrated notes

Levels and vault maps discovered:
D:1:      scummos_arrival_simple_fountains, layout_basic, serial_shops, shop

Skill      XL: |  1 |
---------------+----+-----
Stealth        | 1 |  1.8
Fighting       | |  3.0
Dodging        | |  4.0
Unarmed Combat | |  4.2

Action                     || total
---------------------------++-------
  Melee: Unarmed           ||    22
   Stab: Sleeping          ||     2
 Armour: Skin              ||     2
  Dodge: Dodged            ||    14

Table legend: (Time is in decaauts)
 A = Elapsed time spent in this place.
 B = Non-inter-level travel time spent in this place.
 C = Inter-level travel time spent in this place.
 D = Time resting spent in this place.
 E = Time spent auto-exploring this place.
 F = Levels seen in this place.
 G = Mean time per level.
                   A        B        C        D        E       F      G
               +--------+--------+--------+--------+--------+-----+--------+
         Total |    213 |    213 |      0 |     26 |    130 |   1 |  213.0 |
       Dungeon |    213 |    213 |      0 |     26 |    130 |   1 |  213.0 |
               +--------+--------+--------+--------+--------+-----+--------+

Top non-repeatable levels by time:
     D:1: 213 daAuts
